 Dungeon Crawl Stone Soup version 0.29-a0-378-gc08b2e8bf8 (webtiles) character file.

Game seed: 15135156707488941724

42 zeratav the Sneak (level 3, -1/23 HPs)
             Began as a Kobold Enchanter on May 4, 2022.
             Slain by a gnoll
             ... wielding a +0 flail
              (5 damage)
             ... on level 2 of the Dungeon.
             The game lasted 00:01:49 (1808 turns).

zeratav the Sneak (Kobold Enchanter)                Turns: 1808, Time: 00:01:49

Health: -1/23      AC:  2    Str:  5    XL:     3   Next: 80%
Magic:  6/6        EV: 15    Int: 16    God:
Gold:   45         SH:  0    Dex: 17    Spells: 6/6 levels left

rFire   . . .      SeeInvis .   a - +1 dagger {short}
rCold   . . .      Faith    .   (no shield)
rNeg    . . .      Spirit   .   b - +0 robe
rPois   .          Reflect  .   (no helmet)
rElec   .          Harm     .   (no cloak)
rCorr   .          Rampage  .   (no gloves)
Will    .....                   (no boots)
Stlth   ++++......              (no amulet)
HPRegen 0.07/turn               (no ring)
MPRegen 0.10/turn               (no ring)

@: no status effects
A: small, no large weapons, nightstalker 3
a: no special abilities


You were on level 2 of the Dungeon.
You visited 1 branch of the dungeon, and saw 2 of its levels.

You collected 45 gold pieces.


Innate Abilities, Weirdness & Mutations

You are small and have problems with some larger weapons.
You are completely attuned to the shadows.


   Skills:
 + Level 3.4 Fighting
 - Level 1.3 Short Blades
 - Level 2.4 Dodging
 - Level 4.0 Stealth
 - Level 2.1 Spellcasting
 - Level 3.0 Hexes


You had 6 spell levels left.
You didn't know any spells.
Your spell library contained the following spells:

 Spells                   Type           Power      Damage    Failure   Level
 Ensorcelled Hibernation  Hex/Ice        12%        N/A       17%         2
 Confusing Touch          Hex            11%        N/A       19%         3
 Tukima's Dance           Hex            11%        N/A       19%         3
 Dazzling Flash           Conj/Hex       12%        N/A       32%         3

Inventory:

Hand Weapons
 a - a +1 dagger (weapon) {short}
 k - a +1 whip of flaming {mace}
   (You found it on level 2 of the Dungeon)
Armour
 b - a +0 robe (worn)
 f - a +0 scale mail
   (You found it on level 1 of the Dungeon)
 h - a +0 helmet
   (You found it on level 1 of the Dungeon)
 j - a +0 scale mail
   (You found it on level 2 of the Dungeon)
Scrolls
 g - a scroll of identify {unknown}
 i - a scroll of immolation {unknown}
Potions
 c - 2 potions of invisibility
 d - a potion of cancellation {unknown}
 e - a potion of resistance {unknown}
 l - a potion of heal wounds {unknown}

Dungeon Overview and Level Annotations

Branches:
Dungeon (2/15)

Altars:

... .. .. .. .. . ..
..####### ..
...g......##. ..
.##@###......... .#
.......##........ #
.................. #
.......<.......... .
.......##......... #
......##............
......)†.........
.....†.........
...............


You could see a gnoll.


Message History

An endoplasm is nearby!
You are too injured to fight recklessly!
The endoplasm freezes you.
You are frozen.
HP[-4]
You take 4 damage, and now have 12/23 hp.
You hit the endoplasm. The endoplasm closely misses you.
You hit the endoplasm. The endoplasm hits you.
* * * LOW HITPOINT WARNING * * *
HP[-1]
You take 1 damage, and now have 11/23 hp.
You hit the endoplasm.
You kill the endoplasm!
HP[+1]
A quokka comes into view.
A quokka is nearby!
A quokka is nearby!
You are too injured to fight recklessly!
The quokka bites you.
* * * LOW HITPOINT WARNING * * *
HP[-1]
You take 1 damage, and now have 11/23 hp.
You hit the quokka but do no damage. The quokka bites you.
* * * LOW HITPOINT WARNING * * *
The quokka misses you.
HP[-5]
You take 5 damage, and now have 6/23 hp.
MASSIVE DAMAGE!! (PAUSE)
You barely miss the quokka.
The quokka bites you but does no damage.
You barely miss the quokka. The quokka completely misses you.
You hit the quokka but do no damage. The quokka closely misses you.
You hit the quokka. The quokka barely misses you.
You hit the quokka but do no damage. The quokka closely misses you.
You hit the quokka but do no damage. The quokka misses you.
You closely miss the quokka. You punch the quokka, but do no damage.
The quokka bites you.
* * * LOW HITPOINT WARNING * * *
HP[-1]
You take 1 damage, and now have 5/23 hp.
You barely miss the quokka. The quokka barely misses you.
HP[+1]
You miss the quokka. The quokka barely misses you. The quokka misses you.
You hit the quokka.
You kill the quokka!
You see here a quokka corpse.
You start resting.
A ball python comes into view.
HP[+1]
A ball python is nearby!
You see here a quokka corpse.
HP[+1]
You see here a quokka corpse.
You see here a quokka corpse.
You start resting.
A ball python is nearby!
HP[+1]
You see here a quokka corpse.
The ball python hisses angrily.
The ball python barely misses you. The ball python closely misses you.
The ball python barely misses you. The ball python misses you.
You hit the ball python. The ball python bites you.
* * * LOW HITPOINT WARNING * * *
The ball python closely misses you.
HP[-1]
You take 1 damage, and now have 8/23 hp.
You barely miss the ball python. The ball python barely misses you.
The ball python misses you.
You hit the ball python but do no damage.
The ball python misses you. The ball python barely misses you.
You barely miss the ball python. The ball python barely misses you. x2
You barely miss the ball python. The ball python closely misses you.
The ball python completely misses you.
You completely miss the ball python. The ball python closely misses you.
The ball python misses you.
You hit the ball python. The ball python misses you.
The ball python closely misses you.
You barely miss the ball python. The ball python completely misses you.
The ball python barely misses you.
You hit the ball python.
The ball python bites you but does no damage.
The ball python closely misses you.
You barely miss the ball python. The ball python closely misses you. x2
You hit the ball python.
You kill the ball python!
HP[+1]
You start resting.
A gnoll comes into view. It is wielding a +0 flail.
A gnoll is nearby!
The gnoll hits you with a +0 flail.
* * * LOW HITPOINT WARNING * * *
HP[-3]
You take 3 damage, and now have 6/23 hp.
You barely miss the gnoll. The gnoll barely misses you.
You closely miss the gnoll. The gnoll hits you with a +0 flail.
* * * LOW HITPOINT WARNING * * *
HP[-2]
You take 2 damage, and now have 4/23 hp.
You hit the gnoll. The gnoll hits you with a +0 flail.
You die...

Skill      XL: |  1  2  3 |
---------------+----------+-----
Fighting       | 1 2 3 |  3.4
Short Blades   | |  1.3
Dodging        | |  2.4
Stealth        | |  4.0
Spellcasting   | |  2.1
Hexes          | |  3.0

Action                   || total
-------------------------++-------
Melee: Dagger            ||   105
       Punch             ||     3
 Stab: Sleeping          ||    16
Armor: Robe              ||    12
Dodge: Dodged            ||    74

Levels and vault maps discovered:
D:1:      onia_arrival_mini_spirals, layout_basic, minmay_misc_feat_columns
D:2:      layout_rooms, hex_tiny, minivault_11,
          wander_ebering_terrifying_dragon_lair

Notes
Turn   | Place    | Note
-------+----------+-------------------------------------------
     0 | D:1      | zeratav the Kobold Enchanter began the quest for the Orb.
     0 | D:1      | Reached XP level 1. HP: 10/10 MP: 3/3
     0 | D:1      | magus.rc [v1.9.6]
    59 | D:1      | HP: 2/11 [dart slug/slug dart (3)]
    62 | D:1      | Reached skill level 1 in Fighting
   427 | D:1      | Reached XP level 2. HP: 12/16 MP: 5/5
   532 | D:1      | Reached skill level 2 in Fighting
   819 | D:1      | Reached XP level 3. HP: 22/22 MP: 6/6
  1450 | D:1      | Reached skill level 3 in Fighting
  1732 | D:2      | HP: 5/23 [quokka (1)]
  1807 | D:2      | HP: 4/23 [gnoll/+0 flail (2)]
  1808 | D:2      | Slain by a gnoll

Vanquished Creatures
  A dart slug (D:1)
  3 endoplasms
  A giant cockroach (D:1)
  4 goblins
  4 hobgoblins
  2 jackals (D:1)
  4 quokkas
  4 ball pythons
  4 bats
  2 frilled lizards (D:1)
  2 kobolds
  4 rats
35 creatures vanquished.

Table legend:
 A = Non-vault XP
 B = Vault XP
 C = Vault XP percentage of total XP
 D = Non-vault monster count
 E = Vault monster count
 F = Vault count percentage of total count
                 A         B        C        D         E       F
            +---------+---------+-------+---------+---------+-------
      Total |      61 |       0 |   0.0 |      35 |       0 |   0.0
            +---------+---------+-------+---------+---------+-------
        D:1 |      40 |       0 |   0.0 |      23 |       0 |   0.0
        D:2 |      21 |       0 |   0.0 |      12 |       0 |   0.0
            +---------+---------+-------+---------+---------+-------

Illustrated notes

Table legend:
 A = Kills in this place as a percentage of kills in entire the game.
 B = Kills by you in this place as a percentage of kills by you in the entire game.
 C = Kills by friends in this place as a percentage of kills by friends in the entire game.
 D = Other kills in this place as a percentage of other kills in the entire game.
 E = Experience gained in this place as a percentage of experience gained in the entire game.
 F = Experience gained in this place divided by the number of levels of this place that you have seen.
                   A       B       C       D       E      F
               +-------+-------+-------+-------+-------+----------------------
         Total | 100.0 | 100.0 |   N/A |   N/A | 100.0 |  30.5
       Dungeon | 100.0 | 100.0 |   N/A |   N/A | 100.0 |  30.5
               +-------+-------+-------+-------+-------+----------------------

Table legend: (Time is in decaauts)
 A = Elapsed time spent in this place.
 B = Non-inter-level travel time spent in this place.
 C = Inter-level travel time spent in this place.
 D = Time resting spent in this place.
 E = Time spent auto-exploring this place.
 F = Levels seen in this place.
 G = Mean time per level.
                   A        B        C        D        E       F      G
               +--------+--------+--------+--------+--------+-----+--------+
         Total |   1800 |   1795 |      5 |    458 |   1101 |   2 |  900.0 |
       Dungeon |   1800 |   1795 |      5 |    458 |   1101 |   2 |  900.0 |
               +--------+--------+--------+--------+--------+-----+--------+

Top non-repeatable levels by time:
     D:1: 1451 daAuts
     D:2: 349 daAuts
